 Dungeon Crawl Stone Soup version 0.20.1-1-g8b1a95d66d (webtiles) character file.

257 Pixllover the Cudgeler (level 5, -10/51 HPs)
             Began as a Minotaur Berserker on Dec 20, 2017.
             Was a Believer of Trog.
             Mangled by an ogre
             ... wielding a +0 giant club
              (25 damage)
             ... on level 4 of the Dungeon.
             The game lasted 00:08:04 (2380 turns).

Pixllover the Cudgeler (Minotaur Berserker)         Turns: 2380, Time: 00:08:04

Health: -10/51     AC:  5    Str: 23    XL:     5   Next: 93%
Magic:  4/4        EV: 12    Int:  4    God:    Trog [**....]
Gold:   77         SH:  0    Dex: 12    Spells: 4/4 levels left

rFire    x . .     SeeInvis .   a - +1 mace
rCold    + . .     Gourm    .   (no shield)
rNeg     . . .     Faith    .   i - +0 ring mail
rPois    .         Spirit   .   (helmet restricted)
rElec    +         Reflect  .   (no cloak)
rCorr    .         Harm     .   (no gloves)
MR       .....                  (no boots)
Stlth    +.........             (no amulet)
Regen    0.2/turn               g - +3 ring of dexterity
MPRegen  0.1/turn               k - ring of ice

@: berserk cooldown, slowed, very slow
A: retaliatory headbutt, horns 2, robust 1, electricity resistance, subdued
magic 1
a: Berserk, Trog's Hand, Burn Spellbooks, Renounce Religion


You were on level 4 of the Dungeon.
You worshipped Trog.
Trog was pleased with you.
You were near starving.

You visited 1 branch of the dungeon, and saw 4 of its levels.

You collected 77 gold pieces.

Inventory:

Hand Weapons
 a - a +1 mace (weapon)
Armour
 b - a +0 animal skin
 i - a +0 ring mail (worn)
Jewellery
 d - an uncursed ring of poison resistance {unknown}
 g - a +3 ring of dexterity (left hand)
 k - a ring of ice (right hand)
Scrolls
 e - 2 scrolls of remove curse
 l - a scroll of fear {unknown}
Potions
 m - 2 potions of curing
Comestibles
 c - a bread ration
 f - a royal jelly
 h - 3 meat rations
 j - 3 fruits


   Skills:
 + Level 4.9 Fighting
 + Level 5.8 Maces & Flails
 + Level 4.2 Armour
 + Level 3.2 Dodging


You had 4 spell levels left.
You didn't know any spells.

Dungeon Overview and Level Annotations

Branches:
Dungeon (4/15)
 Temple: D:4-7

Altars:
Hepliaklqana
Kikubaaqudgha
Sif Muna
Uskayaw


Innate Abilities, Weirdness & Mutations

You reflexively headbutt those who attack you in melee.
You have a pair of horns on your head.
You are robust. (+10% HP)
You are resistant to electric shocks. (rElec)
Your spells are a little easier to cast, but a little less powerful.


Message History

You feel a strong urge to attack something.
You see here a frilled lizard corpse.
An ogre comes into view. It is wielding a giant club.
The ogre shouts!
You feel your anger subside.
You are no longer berserk.
You are exhausted.
You feel yourself slow down. The ogre hits you with a giant club!
The ogre closely misses you.
Press: ? - help, v - describe, . - travel A hide-covered altar of Uskayaw.
You are near starving!
The ogre hits you with a giant club!!
* * * LOW HITPOINT WARNING * * *
You feel better. The ogre misses you.
You sock the ogre! You headbutt the ogre!
The ogre is almost dead.
The ogre hits you with a giant club!!
You die...

#... #.(.>....
#..##................... .
###..(....................
#.#......<.#.##.............
#.#..........##.....#####...
#......))...#.......#(..#...
........)...#.......#(..#...
....................#####...
.........##.....@O.........#
#.#...........(.##...._....#
#.........###...##†#.......#
..........###...##.####...##
............#...##.# ####
..#.####.........#.# ..#.
#.....###...#### . ..
#.#......).....# #.#
#.##...........#


You could see an ogre and 2 dancing weapons.

Vanquished Creatures
  Menkaure (D:4)
  2 orc wizards (D:3)
  3 adders (D:3)
  2 worms (D:3)
  2 leopard geckos
  8 orcs
  3 bats (D:3)
  3 giant cockroaches
  3 goblins
  5 hobgoblins
  3 quokkas
  4 frilled lizards
  6 kobolds
  3 rats
48 creatures vanquished.

Notes
Turn   | Place    | Note
-------+----------+-------------------------------------------
     0 | D:1      | Pixllover the Minotaur Berserker began the quest for the Orb.
     0 | D:1      | Reached XP level 1. HP: 19/19 MP: 0/0
   168 | D:1      | Reached XP level 2. HP: 12/27 MP: 1/1
   170 | D:1      | Reached skill level 4 in Maces & Flails
   620 | D:1      | Gained mutation: Your spells are a little easier to cast, but a little less powerful. [potion of mutation]
   620 | D:1      | Gained mutation: You are resistant to electric shocks. (rElec) [potion of mutation]
   620 | D:1      | Gained mutation: You are robust. (+10% HP) [potion of mutation]
   861 | D:2      | Found a hazy altar of Hepliaklqana.
   983 | D:2      | Found a deep blue altar of Sif Muna.
  1426 | D:3      | Reached XP level 3. HP: 34/36 MP: 2/2
  1637 | D:3      | Reached XP level 4. HP: 23/45 MP: 3/3
  1848 | D:3      | Reached ** piety under Trog
  1997 | D:3      | Reached skill level 5 in Maces & Flails
  2021 | D:3      | Found an ancient bone altar of Kikubaaqudgha.
  2311 | D:4      | Reached XP level 5. HP: 51/51 MP: 4/4
  2321 | D:4      | Noticed Menkaure
  2360 | D:4      | Noticed a hand axe
  2362 | D:4      | Found a hide-covered altar of Uskayaw.
  2362 | D:4      | Noticed a hand axe
  2368 | D:4      | Killed Menkaure
  2371 | D:4      | Noticed an ogre
  2380 | D:4      | Mangled by an ogre

Skill      XL: |  1  2  3  4  5 |
---------------+----------------+-----
Maces & Flails | 4 5 |  5.8
Fighting       | 4 |  4.9
Armour         | 3 4 |  4.2
Dodging        | 3 |  3.2

Action                   |  1- 3 |  4- 6 || total
-------------------------+-------+-------++-------
Melee: Mace              |    46 |    42 ||    88
       Headbutt          |     8 |    12 ||    20
Invok: Berserk           |       |     1 ||     1
  Use: Scroll            |     6 |     1 ||     7
       Potion            |     1 |     1 ||     2
  Eat: Chunk             |     1 |     2 ||     3
       Fruit             |     1 |       ||     1
Armor: Ring mail         |    18 |    14 ||    32
       Animal skin       |     1 |       ||     1
Dodge: Dodged            |    48 |    29 ||    77
